 Dungeon Crawl Stone Soup version 0.29.1-1-gd02db6906a (webtiles) character file.

Game seed: 16124651572096083101

817 hawla the Conjurer (level 7, -5/51 HPs)
             Began as a White Draconian Conjurer on Oct 7, 2022.
             Succumbed to a kobold brigand's curare-tipped dart
             ... on level 5 of the Dungeon.
             The game lasted 00:11:50 (5513 turns).

hawla the Conjurer (White Draconian Conjurer)       Turns: 5513, Time: 00:11:50

Health: -5/51      AC:  7    Str: 11 (14) XL:     7   Next: 62%
Magic:  4/10       EV: 12    Int: 20 (21) God:
Gold:   152        SH:  0    Dex:  7 (9)  Spells: 5/12 levels left

rFire   . . .      SeeInvis .   (no weapon)
rCold   + . .      Faith    .   (no shield)
rNeg    . . .      Spirit   .   (body armour unavailable)
rPois   .          Reflect  .   (helmet restricted)
rElec   .          Harm     .   g - +0 cloak of Responsibility {Str+5}
rCorr   .          Rampage  .   (no gloves)
Will    .....                   (no boots)
Stlth   ++........              (no amulet)
HPRegen 0.17/turn               (no ring)
MPRegen 0.12/turn               (no ring)

@: brilliant, lethally poisoned (-5 -> -24), slowed, very slow
A: breathe frost, AC +6, unfitting armour, cold resistance 1, cold-blooded,
hooves 1, low MP 1
a: Breathe Frost


You were on level 5 of the Dungeon.
You visited 1 branch of the dungeon, and saw 5 of its levels.

You collected 152 gold pieces.

Inventory:

Armour
 g - the +0 cloak of Responsibility (worn) {Str+5}
   (You acquired it on level 4 of the Dungeon)

   Str:       It affects your strength (+5).
Jewellery
 h - a +6 ring of strength
Scrolls
 i - 2 scrolls of identify
Potions
 d - a potion of haste
 j - a potion of brilliance
 k - a potion of might {unknown}
 l - a potion of heal wounds {unknown}


   Skills:
 + Level 0.5 Fighting
 + Level 2.4 Dodging
 - Level 2.1 Stealth
 + Level 3.0 Spellcasting
 + Level 7.8 Conjurations
 + Level 3.7 Translocations


You had 5 spell levels left.
You knew the following spells:

 Your Spells              Type           Power      Damage    Failure   Level
a - Magic Dart            Conj           100%       1d8       1%          1
b - Searing Ray           Conj           100%       2d8       1%          2
c - Iskenderun's Mystic   Conj/Tloc      39%        2d9       13%         4

Your spell library contained the following spells:

 Spells                   Type           Power      Damage    Failure   Level
 Dazzling Flash           Conj/Hex       56%        N/A       9%          3
 Fulminant Prism          Conj/Hex       14%        3d9       28%         4
 Ozocubu's Armour         Ice            4%         N/A       38%         3
 Ozocubu's Refrigeration  Ice            2%         4d7       100%        7


Dungeon Overview and Level Annotations

Branches:
Dungeon (5/15)
 Temple: D:4-7

Altars:
Qazlal

Shops:
D:4 ?

Annotations:
D:3 3 runed translucent doors, warriortoast's ghost, amateur DECj
D:4 2 transporters, shincke's ghost, amateur DsHW


Innate Abilities, Weirdness & Mutations

You can breathe waves of freezing cold which knock back foes.
Your icy white scales are hard. (AC +6)
You cannot fit into any form of body armour.
Your flesh is cold resistant. (rC+)
You are cold-blooded and may be slowed by cold attacks.
You have large cloven feet.
Your magical capacity is low. (-10% MP)


Message History

A kobold is nearby!
Casting: Searing Ray (safe; 1% risk of failure)
Confirm with . or Enter, or press ? or * to list all spells.
Aiming: Magic Dart (safe; 1% risk of failure)
Press: ? - help, Shift-Dir - straight line, f - kobold
Aim: a kobold, wielding a +0 dagger and quivering stones (wandering, hasn't noticed you, 100% to hit)
You feel a surge of power!
The magic dart hits the kobold.
The kobold is moderately wounded.
The kobold shouts!
You hear a shout!
The kobold throws a stone.
The stone barely misses you.
You hear a shout!
Casting: Magic Dart (safe; 1% risk of failure)
Confirm with . or Enter, or press ? or * to list all spells.
Aiming: Magic Dart (safe; 1% risk of failure)
Press: ? - help, Shift-Dir - straight line, f/p - kobold
Aim: a kobold, wielding a +0 dagger and quivering stones (moderately wounded, 100% to hit)
You feel a surge of power!
The magic dart hits the kobold.
You kill the kobold!
A kobold brigand comes into view.
It is wielding a +0 club and quivering curare-tipped darts.
The kobold brigand throws a curare-tipped dart.
The curare-tipped dart hits you.
You are lethally poisoned!
You have difficulty breathing.
You feel yourself slow down.
Unknown command.
It was a potion of degeneration.
There was something very wrong with that liquid.
You feel weakened.
You feel dopey.
You feel clumsy.
* * * LOW HITPOINT WARNING * * *
You feel extremely sick.
The kobold brigand throws a curare-tipped dart.
The curare-tipped dart barely misses you.
The kobold brigand throws a curare-tipped dart.
The curare-tipped dart hits you.
You are more poisoned.
You have difficulty breathing.
* * * LOW HITPOINT WARNING * * *
You feel as though you will be slow longer.
It was a potion of mutation.
You feel extremely strange.
Your feet thicken and deform.
You feel less energetic.
You die...

...##..)......[.
... #$K.<.......
.####.#........#
##...#.........
##..##....!.###. #
##......#.#.## .
#..
####...###.......#
.....####.....##
..##....#
...K....†.#@..#
.### ....#
.......####.####.
....# ....... ....
. ....# .......
...####. #####
........... .
...........
......$....
...........


You could see a kobold brigand.

Vanquished Creatures
  2 steam dragons (D:4)
  An ice beast (D:5)
  An ogre (D:4)
  A phantom (D:4)
  5 hounds
  Robin (D:2)
  6 adders
  An ufetubus (D:4)
  A dart slug (D:4)
  4 orcs
  8 ball pythons
  3 bats
  10 endoplasms
  5 giant cockroaches
  12 goblins
  6 hobgoblins
  2 quokkas
  3 frilled lizards
  7 kobolds
  3 rats
82 creatures vanquished.

Vanquished Creatures (others)
  4 fungi (D:2)
  11 plants
15 creatures vanquished.

Grand Total: 97 creatures vanquished

Notes
Turn   | Place    | Note
-------+----------+-------------------------------------------
     0 | D:1      | hawla the Draconian Conjurer began the quest for the Orb.
     0 | D:1      | Reached XP level 1. HP: 14/14 MP: 3/3
   481 | D:1      | Reached XP level 2. HP: 11/20 MP: 0/5
   926 | D:1      | Learned a level 2 spell: Searing Ray
  1470 | D:2      | Found a faded altar of an unknown god.
  1557 | D:2      | Noticed Robin
  1582 | D:1      | Reached XP level 3. HP: 15/26 MP: 0/6
  2269 | D:2      | Killed Robin
  2270 | D:2      | Reached skill level 5 in Conjurations
  2659 | D:3      | Reached XP level 4. HP: 33/33 MP: 4/7
  2664 | D:3      | Learned a level 4 spell: Iskenderun's Mystic Blast
  2969 | D:3      | Found a runed translucent gate.
  2969 | D:3      | Found a runed translucent gate.
  2969 | D:3      | Found a runed translucent gate.
  2970 | D:3      | Noticed warriortoast's ghost (amateur DECj)
  3239 | D:3      | Reached skill level 1 in Translocations
  3587 | D:4      | Identified a scroll of acquirement
  3587 | D:4      | Acquired the +0 cloak of Responsibility {Str+5}
  3611 | D:4      | Found a transporter.
  3657 | D:4      | Noticed a steam dragon
  3680 | D:4      | Killed a steam dragon
  3681 | D:4      | Reached skill level 6 in Conjurations
  3681 | D:4      | Reached XP level 5. HP: 28/38 MP: 2/8
  3688 | D:4      | Reached XP level 6. HP: 30/45 MP: 3/9
  3900 | D:4      | Identified the +1 kite shield of Leapfrog {Fly rN+ Int+3}
  4301 | D:4      | Found a transporter.
  4318 | D:4      | Noticed shincke's ghost (amateur DsHW)
  4376 | D:4      | Noticed a steam dragon
  4386 | D:4      | Killed a steam dragon
  4387 | D:4      | Reached skill level 7 in Conjurations
  4387 | D:4      | Your scales start taking on an icy white colour.
  4387 | D:4      | Reached XP level 7. HP: 26/50 MP: 1/10
  4387 | D:4      | Gained mutation: Your flesh is cold resistant. (rC+) [White
                  | Draconian growth]
  4632 | D:4      | Found Tycwopoi's Magic Scroll Shop.
  5004 | D:4      | Found a stormy altar of Qazlal.
  5310 | D:5      | Entered Level 5 of the Dungeon
  5423 | D:5      | HP: 2/51 [hound (4)]
  5512 | D:5      | HP: 1/51 [asphyx]
  5513 | D:5      | Gained mutation: You have large cloven feet. [potion of
                  | mutation]
  5513 | D:5      | Gained mutation: Your magical capacity is low. (-10% MP)
                  | [potion of mutation]
  5513 | D:5      | Succumbed to a kobold brigand's curare-tipped dart

Illustrated notes

Levels and vault maps discovered:
D:1:      lightli_arrival_lavapool, layout_basic
D:2:      layout_loops_cross, dreamdust_ecumenical_altar_hidden_monk_grotto,
          uniq_robin
D:3:      minmay_evil_eye, layout_basic, gammafunk_ghost_split,
          kennysheep_generic_room_4
D:4:      layout_loops_ring, nicolae_qazlal_eye_of_the_storm,
          gammafunk_ghost_gnarly_gnolls, serial_shops, nicolae_stop_n_shop_2,
          serial_rivers, chequers_serial_rivers_small_a,
          chequers_serial_rivers_large_a, chequers_serial_rivers_micro_e,
          chequers_serial_rivers_room_b, chequers_serial_rivers_micro_a,
          minmay_misc_feat_encased, dk_noncrumbling_3
D:5:      layout_rooms, gammafunk_ghost_smash, uniq_crazy_yiuf_cottage,
          uniq_edmund

Skill      XL: |  1  2  3  4  5  6  7 |
---------------+----------------------+-----
Stealth        | 2 |  2.1
Dodging        | 2 |  2.4
Conjurations   | 5 6 7 |  7.8
Translocations | 2 3 |  3.7
Spellcasting   | 3 |  3.0
Fighting       | |  0.5

Action                   |  1- 3 |  4- 6 |  7- 9 || total
-------------------------+-------+-------+-------++-------
Melee: Unarmed           |    12 |    26 |    19 ||    57
       Tailslap          |     3 |     1 |     3 ||     7
       Punch             |       |       |     2 ||     2
 Cast: Magic Dart        |    39 |    26 |    10 ||    75
       Searing Ray       |    16 |    18 |     6 ||    40
       Iskenderun's Myst |       |       |     6 ||     6
  Use: Scroll            |     6 |     1 |       ||     7
       Potion            |       |     2 |     8 ||    10
Armor: Skin              |    13 |    42 |    21 ||    76
Dodge: Dodged            |    22 |    24 |    32 ||    78
